 Dungeon Crawl Stone Soup version 0.27.1-2-g3b301248ec (webtiles) character file.

Game seed: 12378172488527365553

186 vvl the Grave Robber (level 5, -2/35 HPs)
             Began as a Demonspawn Necromancer on Sept 30, 2021.
             Killed by divine providence
             ... invoked by an orc priest
              (13 damage)
             ... on level 4 of the Dungeon.
             The game lasted 00:10:13 (3531 turns).

vvl the Grave Robber (Demonspawn Necromancer)       Turns: 3531, Time: 00:10:16

Health: -2/35      AC:  5    Str:  9    XL:     5   Next: 38%
Magic:  1/8        EV: 12    Int: 17    God:
Gold:   172        SH:  0    Dex: 13    Spells: 7/8 levels left

rFire    . . .     SeeInvis .   u - staff of death
rCold    . . .     Faith    .   (no shield)
rNeg     + . .     Spirit   .   a - +0 robe
rPois    .         Reflect  .   b - +2 helmet
rElec    .         Harm     .   (no cloak)
rCorr    .         Rampage  .   (no gloves)
Will     .....                  (no boots)
Stlth    ++........             (no amulet)
HPRegen  0.11/turn              q - ring of wizardry
MPRegen  0.22/turn              (no ring)

@: no status effects
A: talons 1, magic regeneration
a: no special abilities


You were on level 4 of the Dungeon.
You visited 1 branch of the dungeon, and saw 4 of its levels.

You collected 172 gold pieces.

Inventory:

Hand Weapons
 h - a +2 whip of electrocution
 i - a +2 dagger of speed
 j - a +2 short sword of protection
Armour
 a - a +0 robe (worn)
 b - a +2 helmet (worn)
 g - a +1 ring mail of cold resistance
 t - a +0 cloak
Magical Staves
 m - a staff of fire
 u - a staff of death (weapon)
Jewellery
 q - a ring of wizardry (left hand)
Scrolls
 c - 3 scrolls of immolation {unknown}
 d - a scroll of vulnerability {unknown}
 e - 2 scrolls of enchant weapon {unknown}
 p - a scroll of holy word {unknown}
 r - 2 scrolls of enchant armour {unknown}
 s - 2 scrolls of identify {unknown}
 v - a scroll of silence {unknown}
Potions
 f - 2 potions of heal wounds {unknown}
 k - a potion of brilliance {unknown}
 l - a potion of curing {unknown}
 n - a potion of attraction {unknown}
 o - a potion of berserk rage {unknown}


   Skills:
 + Level 0.2 Fighting
 + Level 0.2 Staves
 + Level 1.9 Dodging
 - Level 1.7 Stealth
 + Level 2.0 Spellcasting
 + Level 7.2 Necromancy
 + Level 0.2 Earth Magic


You had 7 spell levels left.
You knew the following spells:

 Your Spells              Type           Power      Damage    Failure   Level
a - Pain                  Necr           100%       1d9       1%          1

Your spell library contained the following spells:

 Spells                   Type           Power      Damage    Failure   Level
 Animate Skeleton         Necr           78%        N/A       1%          1
 Vampiric Draining        Necr           19%        2d8       1%          3
 Animate Dead             Necr           19%        N/A       4%          4
 Slow                     Hex            1%         N/A       12%         2
 Agony                    Necr           39%        N/A       12%         5
 Confusing Touch          Hex            1%         N/A       22%         3


Dungeon Overview and Level Annotations

Branches:
Dungeon (4/15)
 Temple: D:4-7

Altars:
Zin

Shops:
D:2 [

Annotations:
D:4 1 transporter


Innate Abilities, Weirdness & Mutations

You have sharp toenails.
You regenerate magic rapidly.


Message History

You feel a surge of power!
The orc priest writhes in agony!
You feel a surge of power!
The orc priest writhes in agony.
You feel a surge of power!
The orc priest writhes in agony!
You kill the orc priest!
You feel a surge of power!
The orc priest barely resists.
You feel a surge of power!
The orc priest writhes in agony.
The orc priest hits you but does no damage.
You feel a surge of power!
The orc priest barely resists.
The orc priest closely misses you.
You feel a surge of power!
The orc priest writhes in agony.
The orc priest calls upon Beogh to heal the orc priest.
The orc priest is healed somewhat.
The orc priest closely misses you.
You feel a surge of power!
The orc priest writhes in agony.
The orc priest hits you but does no damage.
The orc priest barely misses you.
You barely miss the orc priest. You claw the orc priest.
The orc priest is almost dead.
The orc priest barely misses you. x2
The orc priest looks braver for a moment.
You hit the orc priest but do no damage.
The orc priest is almost dead.
The orc priest closely misses you.
The orc priest hits you with a +0 short sword.
You barely miss the orc priest. Your kick misses the orc priest.
The orc priest is almost dead.
The orc priest barely misses you.
The orc priest calls upon Beogh to heal the orc priest.
The orc priest is healed somewhat.
You hit the orc priest. Your kick misses the orc priest.
The orc priest is almost dead.
The orc priest hits you with a +0 hand axe.
The orc priest invokes the aid of Beogh against you.
Pain shoots through your body!
You hit the orc priest but do no damage.
The orc priest is almost dead.
The orc priest hits you with a +0 hand axe.
The orc priest misses you.
The orc priest calls down the wrath of Beogh upon you.
Beogh smites you!
You die...

..............# ............##.+
....######.#..###.#.............#
.......# #.#..##..#..........##.#
....#..###....##.........>...##.#
...###..#..#.................. ..
..# #.....###..............##..
...........##...........
.....###)...>........... ..#..
#........@†...... #....
###......oo#..... #... #.......)#
.... ###. ##........ #..
#...#..... #..####.... ### ....#
#....


You could see 2 orc priests.

Vanquished Creatures
  A jelly (D:4)
  An orc priest (D:4)
  A hound skeleton (D:4)
  3 adders
  2 worms
  3 dart slugs
  An orc (D:4)
  5 endoplasms
  A giant cockroach (D:4)
  7 hobgoblins
  5 jackals
  6 kobolds
  5 quokkas
  7 ball pythons
  7 bats
  5 frilled lizards (D:1)
  6 goblins
  5 rats
71 creatures vanquished.

Notes
Turn   | Place    | Note
-------+----------+-------------------------------------------
     0 | D:1      | vvl the Demonspawn Necromancer began the quest for the Orb.
     0 | D:1      | Reached XP level 1. HP: 13/13 MP: 3/3
   184 | D:1      | Gained mutation: You have sharp toenails. [demonic
                  | ancestry]
   184 | D:1      | Reached XP level 2. HP: 12/19 MP: 3/5
   258 | D:1      | Reached skill level 5 in Necromancy
  1021 | D:1      | Reached XP level 3. HP: 20/24 MP: 2/6
  1490 | D:2      | Found Danlaeb's Armour Shoppe.
  1678 | D:2      | Reached skill level 6 in Necromancy
  1903 | D:2      | Reached XP level 4. HP: 24/30 MP: 3/7
  3109 | D:4      | Found a transporter.
  3297 | D:4      | Reached skill level 7 in Necromancy
  3297 | D:4      | Gained mutation: You regenerate magic rapidly. [demonic
                  | ancestry]
  3297 | D:4      | Reached XP level 5. HP: 30/35 MP: 3/8
  3531 | D:4      | Killed from afar by an orc priest

Illustrated notes

Levels and vault maps discovered:
D:1:      heliophobic_arrival_ceremonial_halls, layout_loops_ring,
          serial_park_tiny_1, hex_medium, minmay_misc_feat_rows, minmay_cupped
D:2:      layout_rooms, serial_shops, shop
D:3:      layout_rooms, mainiacjoe_overflow_alcove_2, minmay_door_square,
          chequers_arboretum
D:4:      gammafunk_cloud_chamber, layout_cave_pools,
          mainiacjoe_overflow_chevrons, minmay_temple_entry_hall

Skill      XL: |  1  2  3  4 |
---------------+-------------+-----
Necromancy     | 5 6 7 |  7.2
Fighting       | |  0.2
Staves         | |  0.2
Dodging        | |  1.9
Stealth        | |  1.7
Spellcasting   | |  2.0
Earth Magic    | |  0.2

Action                   |  1- 3 |  4- 6 || total
-------------------------+-------+-------++-------
Melee: Unarmed           |    23 |       ||    23
       Whip              |     4 |    14 ||    18
       Kick              |     2 |     4 ||     6
       Staff             |       |     5 ||     5
 Cast: Pain              |    60 |    59 ||   119
 Stab: Sleeping          |       |     1 ||     1
Armor: Robe              |    19 |    13 ||    32
Dodge: Dodged            |    30 |    21 ||    51
